[Event "Satka Autumn 2018"]
[Site "Satka"]
[Date "2018.09.15"]
[Round "5"]
[White "Sosnina, Ekaterina"]
[Black "Kovanova, Baira"]
[Result "0-1"]
[ECO "C70"]
[WhiteElo "1955"]
[BlackElo "2363"]
[Annotator "ChessBase"]
[PlyCount "106"]
[EventDate "2018.09.11"]
[EventType "swiss"]
[EventCountry "RUS"]
[SourceTitle "playchess.com"]
[Source "ChessBase"]
[SourceQuality "1"]
[TimeControl "40/5400+30:1800+30"]

1. e4 e5 2. Nf3 Nc6 3. Bb5 a6 4. Ba4 Nge7 5. Nc3 d6 6. d4 b5 7. Bb3 Nxd4 8. Nxd4 exd4 9. Qf3 Be6 10. Bxe6 fxe6 11. Ne2 e5 12. Bg5 Qd7 13. Ng3 Qe6 14. Nf5 Qf7 15. a4 b4 16. a5 g6 17. Nh4 Qxf3 18. Nxf3 Bg7 19. h4 Rb8 20. b3 h6 21. Bxe7 Kxe7 22. O-O Rb5 23. Rfe1 Rc5 24. Re2 Rb8 25. Ne1 Bf6 26. Nd3 Rcb5 27. g3 Kd7 28. Ra4 c6 29. Nb2 Bd8 30. Nc4 Rc5 31. Kg2 Ke6 32. Ra1 Bc7 33. Kh3 Rf8 34. h5 g5 35. Rf1 Rf3 36. Kg4 Rc3 37. Rfe1 Kf6 38. Ra1 d5 39. exd5 cxd5 40. Nb6 Kg7 41. Nd7 Rxc2 42. Nxc5 Rxc5 43. Rd1 Rc3 44. f4 d3 45. Re3 e4 46. fxg5 d2 47. gxh6+ Kxh6 48. Re2 Rxg3+ 49. Kf5 e3 50. Ke6 d4 51. Rf1 d3 52. Rf6+ Kh7 53. Rf7+ Rg7 0-1

[Event "Satka Autumn 2018"]
[Site "Satka"]
[Date "2018.09.15"]
[Round "5"]
[White "Simakova, Elena"]
[Black "Filippova, Darya"]
[Result "1/2-1/2"]
[ECO "B13"]
[WhiteElo "1935"]
[BlackElo "2061"]
[Annotator "NA"]
[PlyCount "85"]
[EventDate "2018.09.11"]
[EventType "swiss"]
[EventCountry "RUS"]
[SourceTitle "playchess.com"]
[Source "ChessBase"]
[SourceQuality "1"]
[TimeControl "40/5400+30:1800+30"]

1. e4 c6 2. d4 d5 3. exd5 cxd5 4. Nf3 Nc6 5. Ne5 {[%emt 0:01:14] B13: Caro-Kann: Exchange Variation and Panov-Botvinnik Attack} e6 6. c3 Nxe5 7. dxe5 Ne7 8. Nd2 Nc6 9. Nf3 Qc7 10. Bf4 h6 $146 ({Predecessor:} 10... Be7 11. Bg3 Bd7 12. Bd3 g5 {½-½ (69) Carlsen,M (2714)-Dreev,A (2607) Moscow 2007}) 11. Bg3 a6 12. Bd3 b6 13. O-O g5 14. Qe2 Be7 15. Nd4 h5 16. h3 g4 17. hxg4 h4 18. Bf4 Bc5 19. Rac1 Bb7 20. b4 Bxd4 21. cxd4 b5 22. a3 Qb6 23. Be3 h3 24. f3 (24. gxh3 $142 Rxh3 25. Kg2) 24... Kd7 25. Qf2 a5 26. Rc5 hxg2 27. Kxg2 Ba6 28. Rfc1 Rac8 29. Bd2 a4 30. f4 Ne7 31. f5 Rxc5 32. Rxc5 Rg8 33. g5 Ke8 34. f6 Ng6 35. Bxb5+ Bxb5 36. Rc8+ Qd8 37. Rxd8+ Kxd8 38. Be1 Kd7 $18 39. Kg3 Rc8 40. Qd2 Rh8 41. Qc2 Rc8 42. Qh2 Rh8 43. Qc2 1/2-1/2

[Event "Satka Autumn 2018"]
[Site "Satka"]
[Date "2018.09.15"]
[Round "5"]
[White "Nasybullina, Dayana"]
[Black "Mirgalina, Anna"]
[Result "1-0"]
[ECO "A38"]
[WhiteElo "1809"]
[BlackElo "1339"]
[Annotator "NA"]
[PlyCount "65"]
[EventDate "2018.09.11"]
[EventType "swiss"]
[EventCountry "RUS"]
[SourceTitle "playchess.com"]
[Source "ChessBase"]
[SourceQuality "1"]
[TimeControl "40/5400+30:1800+30"]

1. Nf3 c5 2. c4 Nf6 3. g3 g6 4. Bg2 Bg7 5. O-O O-O 6. Nc3 Nc6 7. d3 d6 8. Bg5 Bd7 {[%emt 0:01:16] A38: Symmetrical English vs ...g6: 4 Bg2 Bg7 5 Nf3 Nf6} 9. Rb1 Qc8 10. a3 Re8 11. b4 b6 12. Qd2 Rb8 13. Rfc1 $146 ({Predecessor:} 13. Bh6 Bh8 14. Nd5 Bh3 15. Nxf6+ Bxf6 16. b5 {1-0 (46) Pribyl,J (2405)-Tatarko,J (2315) Czechia 1996}) 13... Bh3 14. Bh1 Ng4 15. Nd5 h6 (15... f6 $1 $11 16. Nf4 fxg5 17. Nxg5 {[#]} Nxf2 $1 18. Kxf2 Bd7) 16. b5 e6 17. Nf4 Nce5 18. Nxh3 hxg5 19. Nxe5 Nxe5 20. Qxg5 Qd8 21. Qxd8 Rbxd8 22. a4 d5 23. cxd5 exd5 24. Rc2 d4 25. Ng5 Rb8 26. Bd5 Red8 27. Bc4 Nxc4 28. Rxc4 Re8 29. Kf1 Re7 30. Ra1 Rbe8 31. Ra2 Be5 32. a5 $18 bxa5 (32... Kg7 {was worth a try.} 33. axb6 axb6) 33. Rxa5 ({Don't do} 33. Rxc5 $6 Bc7 $16) 1-0

[Event "Satka Autumn 2018"]
[Site "Satka"]
[Date "2018.09.15"]
[Round "5"]
[White "Mikheeva, Galina"]
[Black "Aleshina, Arina"]
[Result "1/2-1/2"]
[ECO "C01"]
[WhiteElo "1767"]
[BlackElo "1319"]
[Annotator "NA"]
[PlyCount "94"]
[EventDate "2018.09.11"]
[EventType "swiss"]
[EventCountry "RUS"]
[SourceTitle "playchess.com"]
[Source "ChessBase"]
[SourceQuality "1"]
[TimeControl "40/5400+30:1800+30"]

1. e4 e6 2. d4 d5 3. exd5 exd5 4. Bd3 Bd6 5. Qf3 c6 6. Ne2 Qf6 7. Bf4 Bxf4 8. Qxf4 Qxf4 9. Nxf4 Nh6 10. O-O O-O 11. Re1 Bf5 12. c3 Bxd3 13. Nxd3 Na6 14. Re7 Rab8 15. Nd2 Nf5 16. Re5 g6 17. Rae1 Rfd8 18. g4 Ng7 19. f4 h6 20. h4 h5 21. gxh5 Nxh5 22. Kf2 Ng7 23. Rg1 Re8 24. Nf3 Nc7 25. Nc5 Rxe5 26. fxe5 Nce6 27. Nxe6 Nxe6 28. Ke3 Kf8 29. Ng5 Nxg5 30. hxg5 Kg7 31. Rh1 Re8 32. Kf4 Re7 33. Rh2 Re8 34. Rh3 Rd8 35. Rh1 Re8 36. b3 Rd8 37. Rh2 Rd7 38. Re2 Re7 39. Re1 Re8 40. Rh1 b5 41. c4 bxc4 42. bxc4 Rb8 43. cxd5 cxd5 44. Rh2 Rb4 45. Ke3 Rc4 46. Kd3 Ra4 47. Rc2 Ra3+ 1/2-1/2

[Event "Satka Autumn 2018"]
[Site "Satka"]
[Date "2018.09.15"]
[Round "5"]
[White "Stroganova, Karina"]
[Black "Trapeznikova, Darya"]
[Result "0-1"]
[ECO "A04"]
[WhiteElo "1711"]
[BlackElo "2107"]
[Annotator "NA"]
[PlyCount "74"]
[EventDate "2018.09.11"]
[EventType "swiss"]
[EventCountry "RUS"]
[SourceTitle "playchess.com"]
[Source "ChessBase"]
[SourceQuality "1"]
[TimeControl "40/5400+30:1800+30"]

1. Nf3 f5 2. d3 d6 3. e4 e5 4. g3 Nf6 {[%emt 0:00:21] A04: Holländisches System ohne Übergang in andere Systeme} 5. Nc3 c5 6. Nh4 (6. Bg2 Nc6 7. O-O Be7 8. Bg5 O-O 9. Nd2 Be6 10. a4 Qd7 11. exf5 Bxf5 12. Bxf6 Bxf6 {0-1 (40) Perez Ponsa,F (2553)-Hjartarson,J (2536) chess.com INT 2018}) 6... fxe4 7. dxe4 Be6 8. Bg2 Nc6 $146 ({Vorgänger:} 8... Be7 9. Nf5 O-O 10. O-O Nc6 11. Bg5 Bc4 12. Re1 {1-0 (47) Houska,J (2406)-Waddington,M (2110) Hull 2018}) 9. Nd5 Be7 10. Nf5 Bxf5 11. exf5 O-O 12. c3 Kh8 13. O-O Nxd5 14. Bxd5 Rxf5 15. Be4 Rf6 16. Bg5 Rf7 17. Qh5 g6 18. Bxg6 Rg7 19. Bxe7 Nxe7 20. Be4 Ng8 21. Bg2 Nf6 22. Qf5 Qe7 23. Bxb7 Rf8 24. Bg2 d5 25. Qc2 e4 26. Rad1 Ng4 {[%emt 0:02:04] [#]} 27. Bh3 ({Weaker is} 27. Rxd5 e3 $11) (27. Qe2 $1 $18) 27... Qe5 28. Qe2 Rf3 29. Rde1 $2 {[%emt 0:00:47] [#]} (29. Bxg4 $16 {keeps the pressure on.} Rxg4 30. Rde1) 29... Nxh2 $1 30. Kh1 $19 (30. Rd1 $142 Nxf1 31. Rxf1) 30... Qd6 $2 ({Weaker is} 30... Nxf1 31. Qxf3 Nd2 32. Qf8+ Rg8 33. Qf7 $11 (33. Qxc5 Nf3 $14)) (30... Rg6 $19 31. Qb5 (31. Kxh2 $2 Rgxg3 $1 32. fxg3 Qxg3+ 33. Kh1 Qxh3+ 34. Qh2 Rxf1+ 35. Rxf1 Qxf1+ 36. Qg1 Qxg1+ (36... Qh3+ 37. Qh2 Qxh2+ 38. Kxh2 h5) 37. Kxg1 h5 $19 (37... d4 $19)) 31... Nxf1 32. Rxf1 e3 33. Qxc5 exf2) 31. Rg1 Ng4 32. Bxg4 Rxg4 33. Rg2 d4 34. cxd4 cxd4 35. Rh2 $2 (35. b3 $17 {is a better chance.}) 35... d3 $2 (35... Qc6 $19 36. Kg2 d3) 36. Qd2 {[%emt 0:00:10] [#]} Qc6 (36... e3 $142 $1 37. Qc3+ (37. Rxe3 Rxe3) 37... Rf6 38. fxe3 Rxg3) 37. Qb4 $2 (37. Qc3+ $17 Qxc3 38. bxc3) 37... e3 0-1

[Event "Satka Autumn 2018"]
[Site "Satka"]
[Date "2018.09.15"]
[Round "5"]
[White "Svetlova, Ksenia"]
[Black "Kilina, Elizaveta"]
[Result "1-0"]
[ECO "C50"]
[WhiteElo "1696"]
[BlackElo "1226"]
[Annotator "NA"]
[PlyCount "74"]
[EventDate "2018.09.11"]
[EventType "swiss"]
[EventCountry "RUS"]
[SourceTitle "playchess.com"]
[Source "ChessBase"]
[SourceQuality "1"]
[TimeControl "40/5400+30:1800+30"]

1. e4 e5 2. Nf3 Nc6 3. d4 exd4 4. Bc4 Be7 5. c3 Nf6 6. e5 Ne4 7. Bd5 Ng5 8. Nxg5 Bxg5 9. Qh5 Qe7 10. Qxg5 f6 11. Qg3 d6 12. O-O dxe5 13. Bxc6+ bxc6 14. cxd4 exd4 15. Bf4 O-O 16. Nd2 Re8 17. h3 Qb4 18. Qb3+ Qxb3 19. Nxb3 Re4 20. Bxc7 Bf5 21. f3 Re7 22. Nxd4 Bd3 23. Rfd1 Rd7 24. Rxd3 c5 25. Bg3 cxd4 26. Rad1 Rad8 27. Bf2 Kf7 28. Rxd4 Rxd4 29. Rxd4 Rxd4 30. Bxd4 a6 31. b4 Ke6 32. Kf2 Kd5 33. Bc5 a5 34. a3 g5 35. Be7 axb4 36. axb4 Kc4 37. Bxf6 Kd5 1-0

[Event "Satka Autumn 2018"]
[Site "Satka"]
[Date "2018.09.15"]
[Round "5"]
[White "Telelyukhina, Elizaveta"]
[Black "Mukhina, Jana"]
[Result "0-1"]
[ECO "B32"]
[WhiteElo "1403"]
[BlackElo "2072"]
[Annotator "NA"]
[PlyCount "58"]
[EventDate "2018.09.11"]
[EventType "swiss"]
[EventCountry "RUS"]
[SourceTitle "playchess.com"]
[Source "ChessBase"]
[SourceQuality "1"]
[TimeControl "40/5400+30:1800+30"]

1. e4 c5 2. Nf3 Nc6 3. d4 cxd4 4. Nxd4 g6 5. c3 Bg7 6. Be3 Nf6 7. Be2 {[%emt 0:00:11] B34: Sicilian: Accelerated Dragon with 5 Nc3: sidelines} (7. f3 O-O 8. Bb5 Ne5 9. Nd2 d5 10. Qc2 a6 11. Be2 dxe4 12. Nxe4 Nd5 13. Bd2 Nb4 14. Qb1 Nd5 15. O-O Qb6 {0-1 (56) Pandurevic,M (2216)-Jelcic,M (2181) Jahorina 2018}) 7... Nxe4 8. O-O O-O 9. Na3 $146 ({Predecessor:} 9. f3 Nf6 10. Kh1 Nd5 11. Bf2 Nf4 12. Bb5 a6 13. Ba4 Nxd4 14. Bxd4 Bxd4 15. Qxd4 {½-½ (72) Szucs,J-Csuta,A (1692) Hungary 2013}) 9... d5 10. Nac2 e5 11. Nxc6 bxc6 12. f3 Nf6 13. f4 exf4 14. Bxf4 Re8 15. Nb4 Qb6+ 16. Kh1 Ne4 17. Nd3 Ba6 18. Qc2 Re7 19. a4 Rae8 20. a5 Qb7 21. Bf3 Bxd3 22. Qxd3 $19 Qxb2 23. Bxe4 Rxe4 24. Bd2 Re2 25. Rad1 Qa3 26. Ra1 Qe7 27. Rad1 Qh4 28. Qf3 f5 29. a6 Qc4 0-1

[Event "Satka Autumn 2018"]
[Site "Satka"]
[Date "2018.09.16"]
[Round "6"]
[White "Kovanova, Baira"]
[Black "Mironenko, Galina"]
[Result "1-0"]
[ECO "C07"]
[WhiteElo "2363"]
[BlackElo "2021"]
[Annotator "NA"]
[PlyCount "135"]
[EventDate "2018.09.11"]
[EventType "swiss"]
[EventCountry "RUS"]
[SourceTitle "playchess.com"]
[Source "ChessBase"]
[SourceQuality "1"]
[TimeControl "40/5400+30:1800+30"]

1. e4 e6 2. d4 d5 3. Nd2 c5 4. Ngf3 cxd4 5. exd5 {[%emt 0:03:53] C07: French Tarrasch: 3...c5, 4 Ngf3 and 4 exd5 Qxd5} exd5 (5... Qxd5 6. Bc4 Qd6 7. O-O Nf6 8. Nb3 Nc6 9. Nbxd4 Nxd4 10. Nxd4 a6 11. Re1 Qc7 12. Qe2 Bc5 13. c3 O-O 14. Bg5 b5 15. Bd3 Nd5 16. Qh5 g6 17. Qh4 Bb7 18. a4 bxa4 19. Rxa4 Rfe8 20. Nf3 {1-0 (29) Wei,Y (2729)-So,W (2780) chess.com INT 2018}) 6. Nxd4 {[%emt 0:01:00] LiveBook: 4 Games} Bd6 7. Bb5+ Bd7 8. Bxd7+ $146 ({Predecessor:} 8. O-O Ne7 9. N2f3 Nbc6 10. c3 O-O 11. Bd3 Nxd4 12. cxd4 Bf5 {Freedman,W-Zalys,I corr 1949}) 8... Qxd7 9. Qe2+ Ne7 10. Nb5 Nbc6 11. Nb3 O-O 12. O-O Rfe8 13. c3 b6 14. Nxd6 Qxd6 15. Re1 Qd7 16. Bf4 Ng6 17. Be3 Nge5 18. Rad1 Rad8 19. Qb5 Qg4 20. h3 Qc4 21. a4 a6 22. Qxb6 Rb8 23. Nd2 Qxa4 24. Qc7 Re7 (24... Qc2 $17 25. Rb1 Red8) 25. Qd6 Rd7 26. Ra1 Qb5 27. Qa3 Nd3 28. Reb1 a5 29. b3 h6 30. Nf3 Qb7 31. Rd1 Nde5 32. Nxe5 Nxe5 33. Rab1 Nc6 34. Qa4 Ra8 35. Rd2 Rb8 36. Rbd1 Rbd8 37. Qa3 Ne5 38. Qa4 Nc6 39. Bc5 Ne5 40. Re1 Qc7 41. Bd4 Nc6 42. Rd3 Re7 43. Rde3 Rxe3 44. Rxe3 f6 45. Bc5 Ne5 46. Qd4 Qb7 47. Rg3 Kf7 ({Much weaker is} 47... Qxb3 $6 48. Be7 $16) ({Better is} 47... Kh8 $11) 48. Qh4 Rh8 $2 (48... Qxb3 $14 49. Qh5+ g6 50. Qxh6 Qd1+ 51. Kh2 Qh5) 49. f4 Qc7 (49... Qc8 $142 50. Bd4 (50. fxe5 Qxc5+ 51. Kh1 h5 $16) 50... h5) 50. Bd4 Nc6 {[%emt 0:00:59] [#]} 51. Qh5+ (51. Rxg7+ $142 $1 Kxg7 52. Qxf6+ Kg8 53. Qxh8+ Kf7 54. Qh7+ Ke6 55. Qxc7 Nxd4 56. cxd4) 51... Ke6 52. c4 dxc4 53. bxc4 Nb4 54. Bc5 Qxf4 55. Bxb4 Qd4+ 56. Kh2 axb4 57. Qb5 Qd6 58. c5 Qf4 59. Qc6+ Ke7 60. Qb7+ Ke6 61. c6 Kd6 62. Qd7+ Ke5 63. c7 Qc1 64. Rf3 Ra8 65. Rf5+ Ke4 66. Qd5+ Ke3 67. Rf3+ Ke2 68. Qd3+ 1-0

[Event "Satka Autumn 2018"]
[Site "Satka"]
[Date "2018.09.16"]
[Round "6"]
[White "Charochkina, Daria"]
[Black "Semenova, Elena"]
[Result "1/2-1/2"]
[ECO "A18"]
[WhiteElo "2336"]
[BlackElo "2219"]
[Annotator "ChessBase"]
[PlyCount "129"]
[EventDate "2018.09.11"]
[EventType "swiss"]
[EventCountry "RUS"]
[SourceTitle "playchess.com"]
[Source "ChessBase"]
[SourceQuality "1"]
[TimeControl "40/5400+30:1800+30"]

1. c4 Nf6 2. Nc3 e6 3. e4 d5 4. e5 d4 5. exf6 dxc3 6. bxc3 Qxf6 7. Nf3 b6 8. g3 Bb7 9. Bg2 Bd6 10. d4 h6 11. O-O O-O 12. Qd3 Re8 13. Rb1 Qf5 14. Qxf5 exf5 15. Nh4 Be4 16. Bxe4 fxe4 17. Nf5 Nc6 18. Re1 Na5 19. c5 bxc5 20. Rb5 Nc6 21. dxc5 Bf8 22. Nd4 Ne5 23. c6 Bc5 24. Rd1 Bb6 25. Bf4 Nd3 26. Be3 Rad8 27. Nf5 Bxe3 28. fxe3 Ne5 29. Rxd8 Nf3+ 30. Kf2 Rxd8 31. Nd4 Rd6 32. Rc5 Kf8 33. Ke2 g6 34. Nxf3 exf3+ 35. Kxf3 Ke7 36. h4 h5 37. e4 Rd3+ 38. Kf4 Kd6 39. Rc4 Ke6 40. Rc5 Kd6 41. Rc4 Ke6 42. a4 f6 43. Rc5 Kd6 44. Ra5 Rxc3 45. Rxa7 Rxc6 46. Ra8 Ke6 47. a5 Rc3 48. a6 Ra3 49. Rc8 g5+ 50. hxg5 fxg5+ 51. Kxg5 Rxg3+ 52. Kf4 Ra3 53. Rh8 Kf7 54. Kf5 Rxa6 55. Rh7+ Ke8 56. Rxh5 c5 57. e5 c4 58. Rh8+ Kd7 59. Rh7+ Ke8 60. Rc7 Rb6 61. Rxc4 Ra6 62. Rh4 Ke7 63. Rh8 Rb6 64. Ra8 Rh6 65. Ke4 1/2-1/2

[Event "Satka Autumn 2018"]
[Site "Satka"]
[Date "2018.09.16"]
[Round "6"]
[White "Makarenko, Alexandra"]
[Black "Stroganova, Karina"]
[Result "1-0"]
[ECO "B01"]
[WhiteElo "2247"]
[BlackElo "1711"]
[Annotator "NA"]
[PlyCount "97"]
[EventDate "2018.09.11"]
[EventType "swiss"]
[EventCountry "RUS"]
[SourceTitle "playchess.com"]
[Source "ChessBase"]
[SourceQuality "1"]
[TimeControl "40/5400+30:1800+30"]

1. e4 d5 2. exd5 Qxd5 3. Nc3 Qd6 4. d4 c6 $1 5. Ne4 Qd5 6. Nc3 Qd6 7. Nf3 Nf6 8. Ne5 Nbd7 {[%emt 0:01:27] B01: Scandinavian Defence} 9. f4 Nb6 10. g4 g6 11. g5 {[%emt 0:09:45] LiveBook: 5 Games} Nfd5 12. Ne4 Qd8 13. Qe2 $146 Bg7 $1 14. c4 Bxe5 (14... Nc7 $11 15. c5 Ne6 16. cxb6 Nxd4 {½-½ (39) Shirov,A (2699)-Nisipeanu,L (2693) Foros 2007}) 15. fxe5 Nc7 16. Be3 Bf5 17. Bg2 Ne6 18. Rd1 (18. O-O-O $142) 18... Qd7 $2 {[%emt 0:05:55] [#]} (18... Ng7 $16) 19. O-O (19. d5 $1 $18 {[%mdl 512] is the precise move to win.}) 19... O-O-O 20. d5 cxd5 21. cxd5 Nxd5 22. Rxd5 Qxd5 23. Nd6+ Rxd6 24. Bxd5 Rxd5 25. Qc4+ Nc7 26. Rc1 Rd7 27. Bxa7 Be6 28. Qc3 Rhd8 29. Bb6 Rd1+ 30. Rxd1 Rxd1+ 31. Kf2 Rd7 32. a4 Kb8 33. Qa5 Na6 $2 (33... Kc8 34. h4 Rd5) 34. b4 Nc7 35. b5 Bd5 36. Qa7+ $2 (36. Ke3 $18) 36... Kc8 37. Ba5 Bh1 38. Bb6 Bd5 39. a5 e6 40. Bc5 Rd8 41. Be7 Re8 42. Qc5 Kd7 43. Bd6 $18 Rc8 44. Bxc7 Rxc7 45. Qd6+ Kc8 46. Qf8+ Kd7 47. Qxf7+ Kd8 48. Qg8+ Kd7 49. Qxh7+ 1-0

[Event "Satka Autumn 2018"]
[Site "Satka"]
[Date "2018.09.16"]
[Round "6"]
[White "Mukhina, Jana"]
[Black "Svetlova, Ksenia"]
[Result "1-0"]
[ECO "B76"]
[WhiteElo "2072"]
[BlackElo "1696"]
[Annotator "NA RC"]
[PlyCount "45"]
[EventDate "2018.09.11"]
[EventType "swiss"]
[EventCountry "RUS"]
[SourceTitle "playchess.com"]
[Source "ChessBase"]
[SourceQuality "1"]
[TimeControl "40/5400+30:1800+30"]

1. e4 c5 2. Nf3 d6 3. d4 cxd4 4. Nxd4 Nf6 5. Nc3 g6 6. Be3 Bg7 7. f3 O-O {[%emt 0:00:00] [#]} 8. Qd2 $1 Nc6 9. g4 Ne5 {[%emt 0:04:53] LiveBook: 8 Games B76: Sicilian Dragon: Yugoslav Attack, 9 g4 and 9 0-0-0} (9... Be6 10. Nxe6 fxe6 11. O-O-O Ne5 12. Be2 Qc8 13. h4 Nfd7 14. h5 Nc4 15. Bxc4 Qxc4 16. hxg6 hxg6 17. f4 Bxc3 18. bxc3 Nf6 19. Bd4 e5 20. fxe5 dxe5 {1-0 (41) Cornette,M (2611)-Jones,G (2640) chess.com INT 2018}) 10. h4 (10. O-O-O $16) 10... Be6 (10... d5 $1 $11 11. O-O-O dxe4) 11. h5 Nfxg4 $2 $146 (11... Rc8 $16) ({Predecessor:} 11... Nxf3+ 12. Nxf3 Bxg4 13. hxg6 Bxf3 14. gxh7+ Kh8 15. Rg1 Qa5 16. Rg5 Qd8 17. Bh3 {0-1 (33) Flores Chico,J (2052)-Haarr,J (2157) Caleta 2010}) 12. fxg4 Nxg4 13. Nxe6 fxe6 14. hxg6 Nxe3 15. gxh7+ Kh8 16. Qxe3 Qa5 17. O-O-O Rac8 18. Rh3 Rc5 19. Rg3 Rfc8 20. Rd3 b5 21. Qg1 Bh6+ 22. Kb1 b4 23. Rg8+ 1-0

[Event "Satka Autumn 2018"]
[Site "Satka"]
[Date "2018.09.16"]
[Round "6"]
[White "Matsenko, Elena"]
[Black "Lapteva, Yulia"]
[Result "1-0"]
[ECO "C42"]
[WhiteElo "1854"]
[BlackElo "1074"]
[Annotator "NA RC"]
[PlyCount "85"]
[EventDate "2018.09.11"]
[EventType "swiss"]
[EventCountry "RUS"]
[SourceTitle "playchess.com"]
[Source "ChessBase"]
[SourceQuality "1"]
[TimeControl "40/5400+30:1800+30"]

1. e4 e5 2. Nf3 Nf6 3. Nxe5 d6 4. Nf3 Nxe4 5. Nc3 Nxc3 6. dxc3 Be7 7. Bf4 {[%emt 0:00:11] C42: Russische Verteidigung (Petrow)} (7. Be3 Nc6 8. Bc4 O-O 9. Qd2 Bf5 10. O-O-O Qd7 11. Kb1 Rfe8 12. h4 Bf8 13. h5 h6 14. Be2 Bg4 15. Nh2 Bxe2 16. Qxe2 {½-½ (41) Carlsen,M (2842)-Caruana,F (2822) Saint Louis 2018}) 7... Be6 {[%emt 0:01:43] LiveBook: 9 Partien} 8. Nd4 Qd7 9. Bb5 $146 ({Vorgänger:} 9. Qd2 Nc6 10. Bb5 a6 11. Be2 Bf6 12. Nxe6 Qxe6 13. O-O O-O 14. Rfe1 Qd7 {½-½ (54) Odor,I (2073)-Bodo,B (2113) Hungary 2012}) 9... c6 10. Nxe6 Qxe6+ 11. Be2 d5 12. Qd2 Nd7 13. O-O-O Nf6 14. Kb1 a5 15. f3 b5 16. Rhe1 O-O 17. Bd3 Qd7 18. g4 b4 19. c4 Qb7 20. g5 Ne8 (20... Nh5 $142) 21. cxd5 c5 $2 (21... cxd5 $16 22. Re5 Kh8) 22. d6 Bxd6 23. Be4 Bxf4 24. Qxf4 Qb8 25. Qh4 g6 26. Bxa8 Qxa8 27. Qe4 Qb8 28. Qe5 Nc7 29. Qxc5 a4 30. Qd6 Ne6 31. Qxb8 Rxb8 32. h4 b3 33. c3 Kf8 34. Re4 Ra8 35. axb3 axb3 36. Rb4 Nc5 37. Rb5 Rc8 38. Kc1 Ke7 39. Rd5 Na6 40. Rxb3 Kf8 41. Rb6 Nb8 42. Kc2 Re8 43. b4 $18 1-0

[Event "Satka Autumn 2018"]
[Site "Satka"]
[Date "2018.09.16"]
[Round "6"]
[White "Nasybullina, Dayana"]
[Black "Smirnova, Ekaterina"]
[Result "0-1"]
[ECO "C01"]
[WhiteElo "1809"]
[BlackElo "2202"]
[Annotator "NA"]
[PlyCount "66"]
[EventDate "2018.09.11"]
[EventType "swiss"]
[EventCountry "RUS"]
[SourceTitle "playchess.com"]
[Source "ChessBase"]
[SourceQuality "1"]
[TimeControl "40/5400+30:1800+30"]

1. e4 e6 2. d4 d5 3. exd5 exd5 4. c4 Nf6 5. Nc3 dxc4 6. Bxc4 Bd6 7. Nf3 O-O 8. O-O {[%emt 0:00:15] LiveBook: 294 Games} Bg4 9. Qd3 {[%emt 0:16:18] D20: Queen's Gambit Accepted: 3 e3 and 3 e4} (9. h3 $5 Bxf3 10. Qxf3 $14 Nc6 11. Be3 Rb8 12. Rfe1 h6 13. Rad1 a6 14. a3 Re8 15. g4 Qd7 16. Bd3 Bf8 17. Bf5 Qd6 18. Bc2 {1-0 (40) Potkin,V (2580)-Michalik,P (2573) Czech Republic 2016}) 9... Nc6 10. Ne2 (10. h3 $11 Bh5 11. Qd1) 10... Qd7 $146 ({Predecessor:} 10... a6 11. a3 Qd7 12. b4 b5 13. Bb3 a5 14. bxa5 Nxa5 15. Bc2 Nc4 16. Ng3 g6 {0-1 (78) Golubeva,O (2149)-Bulmaga,I (2403) Belgrade 2013}) 11. Bd2 a6 12. a4 Bf5 13. Qb3 Ne4 14. Bc3 Nxc3 15. bxc3 Na5 16. Qa2 b5 17. Bd5 c6 18. Bb3 Nxb3 19. Qxb3 Bg4 20. Ng3 Bxf3 21. gxf3 Qh3 22. axb5 axb5 23. Rxa8 Rxa8 24. Re1 h5 25. Qd1 (25. Qc2 $17) 25... h4 26. Nf1 Rd8 (26... Ra3 $19 27. Re3 Qf5) 27. Re4 Bf8 ({Black should play} 27... g6 $17 28. Qe2 Kg7) 28. Rg4 Rd6 29. Qe2 {[%emt 0:00:45] [#]} Re6 $1 30. Ne3 Bd6 31. Rg2 (31. f4 $142) 31... Rg6 32. Ng4 $19 f5 33. Qe8+ Kh7 0-1

[Event "Satka Autumn 2018"]
[Site "Satka"]
[Date "2018.09.16"]
[Round "6"]
[White "Sosnina, Nadezhda"]
[Black "Filippova, Darya"]
[Result "0-1"]
[ECO "B17"]
[WhiteElo "1659"]
[BlackElo "2061"]
[Annotator "NA"]
[PlyCount "118"]
[EventDate "2018.09.11"]
[EventType "swiss"]
[EventCountry "RUS"]
[SourceTitle "playchess.com"]
[Source "ChessBase"]
[SourceQuality "1"]
[TimeControl "40/5400+30:1800+30"]

1. e4 c6 2. d4 d5 3. Nd2 dxe4 4. Nxe4 Nd7 5. Ng5 Ngf6 6. Bc4 e6 7. Qe2 Nb6 8. Bb3 h6 {[%emt 0:00:52] LiveBook: 370 Games B17: Caro-Kann: Modern Line (4...Nd7)} ({Much worse is} 8... Qxd4 $6 9. N1f3 $14) 9. Ne4 (9. N5f3 $1 $11 c5 10. Bf4 Be7 11. dxc5 Bxc5 12. Rd1 Qe7 13. Ne5 O-O 14. Ngf3 Nbd5 15. Bc1 b6 16. a3 a5 17. c4 Ba6 18. O-O {½-½ (46) Andreikin,D (2723)-Bocharov,D (2574) Sochi 2017}) 9... Qxd4 10. Nxf6+ Qxf6 11. Nf3 Bd6 12. Be3 $146 ({Predecessor:} 12. c3 O-O 13. Bd2 e5 14. O-O-O Bf5 15. h3 Bh7 16. Ne1 Rad8 17. Bc2 Bxc2 18. Nxc2 Be7 19. Ne3 Rfe8 20. g4 Nd5 21. Nxd5 Rxd5 22. c4 Rdd8 23. h4 {½-½ (23) Gruenbacher,M-Pardey,K Eppingen 2004}) 12... e5 13. O-O-O Bg4 14. Bxb6 (14. h3 $11 {keeps the balance.} Bh5 15. g4) 14... axb6 15. Bxf7+ Qxf7 16. Rxd6 O-O 17. a3 Qa2 18. Re1 Bxf3 19. gxf3 Qa1+ 20. Kd2 Qxb2 21. Qxe5 Qxe5 22. Rxe5 Rxa3 23. Re7 Raxf3 24. Rxb7 Rxf2+ 25. Kc3 R8f5 26. Rg6 Rc5+ 27. Kd3 {[%emt 0:00:24] [#]} Rf7 $1 28. Rxb6 Rd7+ 29. Ke4 Rxc2 30. Rbxc6 Rxh2 31. Kf3 Kh7 32. Kg3 $2 (32. Rg1) 32... Rdd2 33. Kf3 (33. Rg4 $142) 33... Rhf2+ $19 (33... Rdf2+ $142 34. Ke3 Re2+ 35. Kd4 Rhg2 36. Rxg2 Rxg2) 34. Ke3 Rde2+ 35. Kd3 Rg2 36. Rgd6 Rd2+ 37. Ke3 Rxd6 38. Rxd6 Rg6 39. Rd5 Rf6 40. Rd7 h5 41. Rd5 Kh6 42. Rd8 g6 43. Rh8+ Kg5 44. Ke4 Kg4 45. Ke5 Rf2 46. Rh6 g5 47. Ra6 h4 48. Ra4+ Kg3 49. Ra3+ Rf3 50. Ra1 h3 51. Rg1+ Kh4 52. Ke4 Rf8 53. Ra1 g4 54. Ra7 h2 55. Ra1 Kh3 56. Ra3+ g3 57. Ra1 g2 58. Ra7 g1=Q 59. Rh7+ Kg2 0-1